 Dungeon Crawl Stone Soup version 0.26-a0-1040-gbe3abf3417 (webtiles) character file.

Game seed: 17718304472298812220

5502 robertstho the Frost Mage (level 10, -3/74 HPs)
             Began as a Gnoll Ice Elementalist on Dec 11, 2020.
             Was a Believer of Sif Muna.
             Slain by a polar bear (26 damage)
             ... on level 9 of the Dungeon.
             The game lasted 00:16:02 (10308 turns).

robertstho the Frost Mage (Gnoll Ice Elementalist) Turns: 10308, Time: 00:16:02

Health: -3/74      AC:  6    Str: 12    XL:     10   Next: 70%
Magic:  11/21      EV: 32    Int: 20    God:    Sif Muna [**....]
Gold:   554        SH:  0    Dex: 19    Spells: 9/24 levels left

rFire    . . .     SeeInvis .   J - +0 glaive
rCold    + + .     Faith    .   (shield currently unavailable)
rNeg     . . .     Spirit   .   U - +1 leather armour "Hoeb Umn" {rC++ Dex+4}
rPois    +         Reflect  .   q - +0 helmet
rElec    .         Harm     .   w - scarf {+Inv}
rCorr    .         Rampage  .   (no gloves)
Will     .....                  (no boots)
Stlth    +++++.....             m - amulet of the acrobat
HPRegen  0.22/turn              L - ring of poison resistance
MPRegen  0.17/turn              T - ring of stealth

@: acrobat
A: distributed training, fangs 1, strong nose
a: Channel Magic, Renounce Religion, Evoke Invisibility


You were on level 9 of the Dungeon.
You worshipped Sif Muna.
Sif Muna was pleased with you.
You visited 2 branches of the dungeon, and saw 10 of its levels.
You also visited: Sewer.

You collected 554 gold pieces.

Inventory:

Hand Weapons
 t - a +4 trident
 z - a +1 long sword of holy wrath
 A - a +2 hand axe of flaming
 J - a +0 glaive (weapon)
 R - a +1 hunting sling of flaming
Missiles
 d - 350 stones (quivered ammo)
 e - 50 sling bullets
 g - 42 bolts
 j - 88 arrows
 o - 22 boomerangs
 E - 3 silver boomerangs
 Q - 2 throwing nets
 V - 9 poisoned darts
Armour
 a - a +0 robe
 c - a +3 leather armour
 h - a +0 cloak
 q - a +0 helmet (worn)
 u - a +0 leather armour of fire resistance
 w - a scarf of invisibility (worn)
 U - the +1 leather armour "Hoeb Umn" (worn) {rC++ Dex+4}
   (You found it on level 8 of the Dungeon)

   It affects your dexterity (+4).
   It greatly protects you from cold.
Jewellery
 f - an uncursed ring of wizardry
 m - an amulet of the acrobat (around neck)
 L - a ring of poison resistance (left hand)
 T - a ring of stealth (right hand)
Wands
 x - a wand of polymorph (9)
 O - a wand of flame (16)
Scrolls
 b - 9 scrolls of identify
 i - 2 scrolls of teleportation
 l - 3 scrolls of fear
 v - 2 scrolls of amnesia {unknown}
 y - 3 scrolls of remove curse
 B - a scroll of immolation {unknown}
 C - 2 scrolls of blinking {unknown}
 D - 2 scrolls of brand weapon {unknown}
 I - 4 scrolls of magic mapping {unknown}
 K - a scroll of enchant weapon {unknown}
 M - a scroll of fog {unknown}
 N - 2 scrolls of enchant armour {unknown}
Potions
 k - 2 potions of curing
 n - 4 potions of flight {unknown}
 p - a potion of brilliance {unknown}
 s - a potion of mutation {unknown}
 F - a potion of degeneration {unknown}
 G - 2 potions of invisibility
 H - a potion of resistance {unknown}
 P - a potion of might
 S - a potion of ambrosia {unknown}


   Skills:
 + Level 5.5 Fighting
 + Level 5.5 Short Blades
 + Level 5.5 Long Blades
 + Level 5.5 Axes
 + Level 5.5 Maces & Flails
 + Level 5.5 Polearms
 + Level 5.5 Staves
 + Level 5.5 Slings
 + Level 5.5 Bows
 + Level 5.5 Crossbows
 + Level 5.5 Throwing
 + Level 5.5 Armour
 + Level 7.2 Dodging
 + Level 7.0 Stealth
 + Level 5.5 Shields
 + Level 5.5 Unarmed Combat
 + Level 7.5 Spellcasting
 + Level 4.5 Conjurations
 + Level 4.5 Hexes
 + Level 4.5 Summonings
 + Level 4.5 Necromancy
 + Level 4.5 Translocations
 + Level 4.5 Transmutations
 + Level 4.5 Fire Magic
 + Level 8.5 Ice Magic
 + Level 4.5 Air Magic
 + Level 4.5 Earth Magic
 + Level 4.5 Poison Magic
 + Level 6.1 Invocations
 + Level 5.5 Evocations


You had 9 spell levels left.
You knew the following spells:

 Your Spells              Type           Power        Failure   Level
a - Freeze                Ice            ####         1%          1
b - Frozen Ramparts       Ice            #####.       1%          3
c - Ozocubu's Armour      Ice            #####...     1%          3
d - Hailstorm             Conj/Ice       ####....     8%          4
e - Summon Ice Beast      Ice/Summ       ####....     8%          4

Your spell library contained the following spells:

 Spells                   Type           Power        Failure   Level
 Corona                   Hex            ####...      1%          1
 Sandblast                Erth           ####..       1%          1
 Ensorcelled Hibernation  Hex/Ice        ####..       1%          2
 Passwall                 Tmut/Erth      ####....     2%          2
 Poisonous Vapours        Pois/Air       ####..       2%          2
 Confusing Touch          Hex            ####....     5%          3
 Conjure Flame            Conj/Fire      ####....     5%          3
 Dazzling Flash           Conj/Hex       ####..       5%          3
 Mephitic Cloud           Conj/Pois/Air  ####....     5%          3
 Stone Arrow              Conj/Erth      ####..       5%          3
 Tukima's Dance           Hex            ####....     5%          3
 Petrify                  Tmut/Erth      ####....     17%         4
 Lee's Rapid Deconstruct  Erth           ####......   43%         5
 Freezing Cloud           Conj/Ice/Air   ####......   83%         6


Dungeon Overview and Level Annotations

Branches:
Dungeon (9/15)             Temple (1/1) D:4           Sewer (visited)
   Lair: D:8-11         Orc: D:9-12

Altars:
Ashenzari
Cheibriados
Dithmenos
Fedhas
Gozag
Okawaru
Qazlal
Sif Muna
Uskayaw
Vehumet
Xom
Yredelemnul
Zin
The Shining One

Shops:
D:4 *   D:7 :   D:8 (


Innate Abilities, Weirdness & Mutations

Your experience applies equally to all skills.
You have very sharp teeth.
Your uncanny sense of smell can sniff out nearby items.


Message History

You are too injured to fight recklessly!
Your ice beast hits the polar bear.
Your ice beast freezes the polar bear.
The polar bear resists.
The polar bear goes berserk!
The polar bear barely misses you. The polar bear completely misses you.
The polar bear barely misses you. The polar bear closely misses you.
The polar bear claws you. The polar bear completely misses you.
The polar bear rages.
The polar bear misses you. x3
The polar bear completely misses you. The polar bear closely misses you.
The polar bear claws you!
The polar bear rages.
The polar bear completely misses you. The polar bear closely misses you.
The polar bear claws you.
* * * LOW HITPOINT WARNING * * *
The polar bear closely misses you.
The polar bear completely misses you. x2
The polar bear completely misses you. x2; The polar bear barely misses you.
There is an open door here.
The polar bear bites you!!
You die...

≈≈≈≈≈≈.....=.. #..........+
.≈≈≈≈≈....... .....
#....8.....# ≈≈≈≈≈≈.....# #...#
##.......###
≈.≈≈≈......####...####.......#
......≈....#..................#
...........#..................#
...........#..................#
#.....#....#..................#
#.....#....'...h@.......
##...###...###'#####..#.
#######...###...##
#..............# .
#.#............# ..
#..............# ...
#..............# ....
#........##...## .∩...
#....8...##+######......


You could see a polar bear (berserk).

Vanquished Creatures
  Harold (D:7)
  A polar bear (D:9)
  A water moccasin (Sewer)
  3 orc warriors
  A sky beast (D:4)
  3 phantoms
  4 ice beasts
  3 ogres
  A centaur (D:8)
  A bullfrog (D:7)
  A wyvern zombie (D:3)
  A water moccasin zombie (D:7)
  3 scorpions
  3 howler monkeys (D:7)
  2 bullfrog zombies (D:8)
  5 hounds
  3 jellies
  4 orc priests
  A bullfrog skeleton (D:5)
  An orc wizard (D:7)
  An iguana (D:7)
  Terence (D:2)
  6 worker ants
  A centaur simulacrum (D:9)
  A bullfrog simulacrum (D:9)
  A howler monkey zombie (D:2)
  13 adders
  2 shadow imps
  2 white imps
  An ufetubus (D:9)
  An adder zombie (D:2)
  2 adder skeletons (D:2)
  A worm (D:3)
  2 dart slugs
  7 leopard geckos
  27 orcs
  2 ball pythons
  A bat zombie (D:2)
  12 giant cockroaches
  8 goblins
  12 hobgoblins
  11 jackals
  4 quokkas
  7 bats
  7 frilled lizards
  A jackal skeleton (D:7)
  13 kobolds
  3 rats
193 creatures vanquished.

Vanquished Creatures (collateral kills)
  3 two-headed ogres (D:8)
  A polar bear (D:9)
  An eye of draining (D:8)
  A wyvern simulacrum (D:9)
  An orc wizard (D:9)
  A bullfrog simulacrum (D:9)
  A worker ant simulacrum (D:9)
  An ufetubus (D:9)
  An orc (D:9)
11 creatures vanquished.

Grand Total: 204 creatures vanquished

Notes
Turn   | Place    | Note
-------+----------+-------------------------------------------
     0 | D:1      | robertstho the Gnoll Ice Elementalist began the quest for
                  | the Orb.
     0 | D:1      | Reached XP level 1. HP: 13/13 MP: 6/6
   187 | D:1      | Reached XP level 2. HP: 9/19 MP: 5/7
   762 | D:1      | Reached XP level 3. HP: 23/25 MP: 6/9
   814 | D:1      | Reached skill level 5 in Spellcasting
   962 | D:1      | Learned a level 3 spell: Frozen Ramparts
   966 | D:1      | Learned a level 3 spell: Ozocubu's Armour
  1466 | D:2      | Found a stormy altar of Qazlal.
  1499 | D:2      | Reached skill level 1 in Invocations
  1566 | D:2      | Reached skill level 1 in Fighting
  1566 | D:2      | Reached skill level 1 in Short Blades
  1566 | D:2      | Reached skill level 1 in Long Blades
  1566 | D:2      | Reached skill level 1 in Axes
  1566 | D:2      | Reached skill level 1 in Maces & Flails
  1566 | D:2      | Reached skill level 1 in Polearms
  1566 | D:2      | Reached skill level 1 in Staves
  1566 | D:2      | Reached skill level 1 in Slings
  1566 | D:2      | Reached skill level 1 in Bows
  1566 | D:2      | Reached skill level 1 in Crossbows
  1566 | D:2      | Reached skill level 1 in Throwing
  1566 | D:2      | Reached skill level 1 in Armour
  1566 | D:2      | Reached skill level 1 in Shields
  1566 | D:2      | Reached skill level 1 in Unarmed Combat
  1566 | D:2      | Reached skill level 1 in Evocations
  1646 | D:2      | Reached XP level 4. HP: 31/32 MP: 7/11
  1711 | D:2      | Noticed Terence
  1727 | D:2      | Killed Terence
  1728 | D:2      | Reached skill level 1 in Conjurations
  1728 | D:2      | Reached skill level 1 in Hexes
  1728 | D:2      | Reached skill level 1 in Summonings
  1728 | D:2      | Reached skill level 1 in Necromancy
  1728 | D:2      | Reached skill level 1 in Translocations
  1728 | D:2      | Reached skill level 1 in Transmutations
  1728 | D:2      | Reached skill level 1 in Fire Magic
  1728 | D:2      | Reached skill level 1 in Air Magic
  1728 | D:2      | Reached skill level 1 in Earth Magic
  1728 | D:2      | Reached skill level 1 in Poison Magic
  1873 | D:2      | Found an iron altar of Okawaru.
  1940 | D:2      | Reached XP level 5. HP: 37/37 MP: 12/12
  1955 | D:2      | Learned a level 4 spell: Hailstorm
  1999 | D:2      | Found a hide-covered altar of Uskayaw.
  2142 | D:2      | Found a basalt altar of Yredelemnul.
  2552 | D:3      | Found a glowing drain.
  2639 | Sewer    | Entered a sewer
  2737 | Sewer    | Noticed a water moccasin
  2746 | Sewer    | Killed a water moccasin
  2747 | Sewer    | Reached skill level 5 in Dodging
  2747 | Sewer    | Reached XP level 6. HP: 31/44 MP: 10/14
  2752 | Sewer    | Learned a level 4 spell: Summon Ice Beast
  3341 | D:3      | Reached XP level 7. HP: 23/50 MP: 15/15
  3722 | D:4      | Found Zin's Purification Station.
  3722 | D:4      | Found a glowing silver altar of Zin.
  3855 | D:4      | Found a staircase to the Ecumenical Temple.
  3891 | Temple   | Entered the Ecumenical Temple
  3950 | Temple   | Became a worshipper of Sif Muna the Loreminder
  4251 | D:4      | Reached skill level 5 in Stealth
  4853 | D:5      | Entered Level 5 of the Dungeon
  4918 | D:5      | Reached XP level 8. HP: 51/57 MP: 16/16
  5115 | D:5      | Found a shadowy altar of Dithmenos.
  5850 | D:6      | Reached * piety under Sif Muna
  6239 | D:6      | Reached XP level 9. HP: 11/65 MP: 14/18
  7108 | D:7      | Found an opulent altar of Gozag.
  7121 | D:7      | Noticed Harold
  7132 | D:7      | Killed Harold
  7133 | D:7      | Reached skill level 8 in Ice Magic
  7554 | D:7      | Reached skill level 5 in Invocations
  7868 | D:7      | Found Etwom's Book Shop.
  8177 | D:7      | Found a snail-covered altar of Cheibriados.
  8177 | D:7      | Found a broken altar of Ashenzari.
  8248 | D:8      | Found a shimmering altar of Xom.
  8248 | D:8      | Found a shimmering altar of Xom.
  8248 | D:8      | Found a shimmering altar of Xom.
  8248 | D:8      | Found a shimmering altar of Xom.
  8270 | D:8      | Noticed a two-headed ogre
  8287 | D:8      | Killed a two-headed ogre
  8288 | D:8      | Reached skill level 5 in Fighting
  8288 | D:8      | Reached skill level 5 in Short Blades
  8288 | D:8      | Reached skill level 5 in Long Blades
  8288 | D:8      | Reached skill level 5 in Axes
  8288 | D:8      | Reached skill level 5 in Maces & Flails
  8288 | D:8      | Reached skill level 5 in Polearms
  8288 | D:8      | Reached skill level 5 in Staves
  8288 | D:8      | Reached skill level 5 in Slings
  8288 | D:8      | Reached skill level 5 in Bows
  8288 | D:8      | Reached skill level 5 in Crossbows
  8288 | D:8      | Reached skill level 5 in Throwing
  8288 | D:8      | Reached skill level 5 in Armour
  8288 | D:8      | Reached skill level 5 in Shields
  8288 | D:8      | Reached skill level 5 in Unarmed Combat
  8288 | D:8      | Reached skill level 5 in Evocations
  8288 | D:8      | Reached XP level 10. HP: 65/74 MP: 5/20
  8571 | D:8      | Noticed a two-headed ogre
  8580 | D:8      | Killed a two-headed ogre
  8697 | D:8      | Found Xiuss's Weapon Shoppe.
  8805 | D:8      | Got a slimy leather armour
  8815 | D:8      | Identified the +1 leather armour "Hoeb Umn" {rC++ Dex+4}
                  | (You found it on level 8 of the Dungeon)
  8846 | D:8      | Noticed a two-headed ogre
  8855 | D:8      | Killed a two-headed ogre
  9176 | D:8      | Found a shimmering altar of Xom.
  9343 | D:8      | Found a radiant altar of Vehumet.
  9656 | D:9      | Reached ** piety under Sif Muna
 10308 | D:9      | Slain by a polar bear

Illustrated notes

Levels and vault maps discovered:
D:1:      mrwooster_arrival_statue_3, layout_loops_corners, hex_large,
          kennysheep_crisscross, hangedman_glass_teeth,
          minmay_misc_feat_more_columns, chequers_garden
D:2:      layout_loops_ring, eat_drink_and_be_merry_uskayaw, okawaru_gym_becter,
          general_overflow_altar, serial_undead, serial_undead_f,
          serial_undead_b, serial_undead_b, serial_undead_c,
          grunt_qazlal_sundering, uniq_terence
D:3:      layout_rooms, gup_sewer_entry_glass
D:4:      minmay_evil_eye, layout_basic, zin_purify, minmay_temple_entry_ruins,
          serial_glass, glass_columns_c, glass_columns_a
D:5:      layout_cave_pools, lemuel_crystal_altar
D:6:      layout_loops_ring, kennysheep_cross_room
D:7:      layout_loops_ring, gammafunk_temple_overflow_elements, serial_shops,
          shop, grunt_gozag_statues, uniq_harold
D:8:      layout_basic, nicolae_overflow_hidden_temple, xom_redecorated,
          serial_shops, nicolae_shop_crystal
D:9:      layout_gridville, lair_entry_dummy, serial_ice, serial_ice_d,
          serial_ice_i, serial_ice_f, serial_ice_h, serial_ice_a, serial_ice_g,
          serial_ice_m, serial_ice_o, serial_ice_c, serial_ice_b
Temple:   dshaligram_water_room_temple

Skill      XL: |  1  2  3  4  5  6  7  8  9 10 |
---------------+-------------------------------+-----
Spellcasting   | 5 6 7 |  7.5
Invocations    | 1 2 3 4 5 6 |  6.1
Fighting       | 1 2 3 5 |  5.5
Short Blades   | 1 2 3 5 |  5.5
Long Blades    | 1 2 3 5 |  5.5
Axes           | 1 2 3 5 |  5.5
Maces & Flails | 1 2 3 5 |  5.5
Polearms       | 1 2 3 5 |  5.5
Staves         | 1 2 3 5 |  5.5
Slings         | 1 2 3 5 |  5.5
Bows           | 1 2 3 5 |  5.5
Crossbows      | 1 2 3 5 |  5.5
Throwing       | 1 2 3 5 |  5.5
Armour         | 1 2 3 5 |  5.5
Shields        | 1 2 3 5 |  5.5
Unarmed Combat | 1 2 3 5 |  5.5
Evocations     | 1 2 3 5 |  5.5
Conjurations   | 1 2 3 4 |  4.5
Hexes          | 1 2 3 4 |  4.5
Summonings     | 1 2 3 4 |  4.5
Necromancy     | 1 2 3 4 |  4.5
Translocations | 1 2 3 4 |  4.5
Transmutations | 1 2 3 4 |  4.5
Fire Magic     | 1 2 3 4 |  4.5
Air Magic      | 1 2 3 4 |  4.5
Earth Magic    | 1 2 3 4 |  4.5
Poison Magic   | 1 2 3 4 |  4.5
Dodging        | 5 6 7 |  7.2
Stealth        | 5 6 7 |  7.0
Ice Magic      | 8 |  8.5

Action                   |  1- 3 |  4- 6 |  7- 9 | 10-12 || total
-------------------------+-------+-------+-------+-------++-------
Melee: Unarmed           |     8 |       |       |       ||     8
       Dagger            |    68 |   126 |       |       ||   194
       Bite              |     4 |    11 |    18 |     8 ||    41
       Punch             |       |     1 |     2 |       ||     3
       Trident           |       |     2 |   148 |       ||   150
       Glaive            |       |       |    50 |    63 ||   113
 Fire: Hunting sling     |       |    62 |    46 |    31 ||   139
 Cast: Freeze            |    23 |     2 |       |       ||    25
       Frozen Ramparts   |     2 |    15 |    22 |     5 ||    44
       Summon Ice Beast  |       |       |     6 |    27 ||    33
       Ozocubu's Armour  |       |       |       |     1 ||     1
  Use: Potion            |       |     2 |     1 |     3 ||     6
       Scroll            |       |       |       |     5 ||     5
 Stab: Sleeping          |     9 |     3 |     8 |     3 ||    23
       Distracted        |       |       |     2 |     3 ||     5
Armor: Leather armour    |    22 |    54 |    42 |    24 ||   142
Dodge: Dodged            |    64 |   126 |   137 |   129 ||   456

Table legend: (Time is in decaauts)
 A = Elapsed time spent in this place.
 B = Non-inter-level travel time spent in this place.
 C = Inter-level travel time spent in this place.
 D = Time resting spent in this place.
 E = Time spent auto-exploring this place.
 F = Levels seen in this place.
 G = Mean time per level.
                   A        B        C        D        E       F      G
               +--------+--------+--------+--------+--------+-----+--------+
         Total |  10388 |  10001 |    387 |    256 |   7950 |  11 |  944.4 |
       Dungeon |   9951 |   9570 |    381 |    256 |   7587 |   9 | 1105.7 |
        Temple |     65 |     59 |      6 |      0 |     52 |   1 |   65.0 |
         Sewer |    370 |    370 |      0 |      0 |    310 |   1 |  370.0 |
               +--------+--------+--------+--------+--------+-----+--------+

Top non-repeatable levels by time:
     D:7: 1633 daAuts
     D:1: 1329 daAuts
     D:2: 1171 daAuts
     D:8: 1131 daAuts
     D:4: 1077 daAuts
     D:6: 1063 daAuts
     D:9: 955 daAuts
     D:3: 858 daAuts
     D:5: 730 daAuts
   Sewer: 370 daAuts
  Temple: 65 daAuts
